 Dungeon Crawl Stone Soup version 0.20.1-1-g8b1a95d (webtiles) character file.

195 vineage the Cudgeler (level 5, -1/32 HPs)
             Began as a Gargoyle Fighter on Nov 16, 2017.
             Slain by an ogre
             ... wielding a +0 giant club
              (18 damage)
             ... on level 3 of the Dungeon.
             The game lasted 00:02:42 (2003 turns).

vineage the Cudgeler (Gargoyle Fighter)             Turns: 2003, Time: 00:02:42

Health: -1/32      AC: 15    Str: 20    XL:     5   Next: 74%
Magic:  5/5        EV:  5    Int:  9    God:
Gold:   218        SH:  9    Dex:  9    Spells: 4/4 levels left

rFire    . . .     SeeInvis .   a - +0 flail
rCold    . . .     Gourm    .   c - +0 shield
rNeg     + . .     Faith    .   q - +0 chain mail
rPois    ∞         Spirit   .   (no helmet)
rElec    +         Reflect  .   (no cloak)
rCorr    .         Harm     .   (no gloves)
MR       .....                  (no boots)
Stlth    ..........             (no amulet)
Regen    0.1/turn               (no ring)
MPRegen  0.1/turn               (no ring)

@: no status effects
A: talons 1, molten scales 1, negative energy resistance 1, electricity
resistance, unbreathing, petrification resistance, rot immunity, AC +4
a: no special abilities


You were on level 3 of the Dungeon.
You were hungry.

You visited 1 branch of the dungeon, and saw 3 of its levels.

You collected 218 gold pieces.

Inventory:

Hand Weapons
 a - a +0 flail (weapon)
Armour
 b - a +0 scale mail
 c - a +0 shield (worn)
 q - a +0 chain mail (worn)
Jewellery
 m - an uncursed ring of positive energy {unknown}
Wands
 o - a wand of digging (22/24)
Scrolls
 e - 4 scrolls of remove curse
 h - 3 scrolls of teleportation
 j - 3 scrolls of identify
 p - a scroll of enchant armour {unknown}
Potions
 d - 2 potions of might
 i - 2 potions of lignification {unknown}
 n - a potion of resistance {unknown}
 r - a potion of flight {unknown}
Comestibles
 f - 5 bread rations
 g - a royal jelly
 k - a meat ration


   Skills:
 - Level 3.2 Fighting
 + Level 5.8 Maces & Flails
 - Level 3.2 Armour
 - Level 3.2 Shields


You had 4 spell levels left.
You didn't know any spells.

Dungeon Overview and Level Annotations

Branches:
Dungeon (3/15)

Altars:
Sif Muna
Zin


Innate Abilities, Weirdness & Mutations

You are resistant to torment.
Your stone body is resilient. (AC +4)
You are immune to poison.
You resist negative energy. (rN+)
You are resistant to electric shocks. (rElec)
You can survive without breathing.
You are immune to petrification.
You are immune to rotting.
You have sharp toenails.
You are partially covered in molten scales. (AC +2)


Message History

No target in view!
No target in view!
No target in view!
No target in view!
No target in view!
No target in view!
No target in view!
Found a leather armour.
An ogre comes into view. It is wielding a giant club.
The ogre shouts!
An ogre is nearby!
The ogre hits you with a giant club!!
Ouch! That really hurt!
You are too injured to fight recklessly!
You are too injured to fight recklessly!
You are too injured to fight recklessly!
You are too injured to fight recklessly!
You feel better. The ogre hits you with a giant club!!
Ouch! That really hurt!
You die...

###...######.#.......#.....# ##
.÷..................##.....# ##.
)...................÷......# ##..
.............#.#...###....<# #...
###...#####........###.....# ##..
#...# #÷.#.#......[##### #..
#...# #.......###### #.# #...#
#...........# #.# #...###
####.#@####.# #.# #.....####
#.#O# #.# ###.)......###.#.# #.#
.............##################.#
###..........###................#
.............#_'............#####
##...........###...........##
##.......##..# #############
##.##.##.##..#


You could see an ogre.

Vanquished Creatures
  A centaur (D:3)
  2 adders (D:3)
  An ooze (D:3)
  A worm (D:3)
  3 dart slugs
  A leopard gecko (D:3)
  3 orcs (D:3)
  A ball python (D:2)
  4 giant cockroaches
  9 goblins
  7 hobgoblins
  11 jackals (D:3)
  10 kobolds
  A quokka (D:2)
  12 bats
  4 frilled lizards
  3 rats
74 creatures vanquished.

Notes
Turn   | Place    | Note
-------+----------+-------------------------------------------
     0 | D:1      | vineage the Gargoyle Fighter began the quest for the Orb.
     0 | D:1      | Reached XP level 1. HP: 14/14 MP: 1/1
   102 | D:1      | Reached XP level 2. HP: 19/19 MP: 2/2
   405 | D:1      | Reached skill level 3 in Maces & Flails
   922 | D:2      | Reached XP level 3. HP: 23/23 MP: 3/3
  1187 | D:2      | Gained mutation: You have sharp toenails. [potion of mutation]
  1187 | D:2      | Gained mutation: You are partially covered in molten scales. (AC +2) [potion of mutation]
  1216 | D:2      | Found a glowing silver altar of Zin.
  1217 | D:2      | Noticed an angel
  1379 | D:2      | Reached skill level 4 in Maces & Flails
  1490 | D:3      | Reached XP level 4. HP: 28/28 MP: 4/4
  1611 | D:3      | Noticed a centaur
  1619 | D:3      | Killed a centaur
  1619 | D:3      | Reached skill level 5 in Maces & Flails
  1619 | D:3      | Reached XP level 5. HP: 30/32 MP: 5/5
  1812 | D:3      | Found a deep blue altar of Sif Muna.
  2001 | D:3      | Noticed an ogre
  2003 | D:3      | Slain by an ogre

Skill      XL: |  1  2  3  4 |
---------------+-------------+-----
Maces & Flails | 3 4 5 |  5.8
Fighting       | |  3.2
Armour         | |  3.2
Shields        | |  3.2

Action                   |  1- 3 |  4- 6 || total
-------------------------+-------+-------++-------
Melee: Flail             |   150 |    80 ||   230
       Kick              |     9 |    20 ||    29
  Use: Scroll            |     7 |     2 ||     9
       Potion            |     1 |     1 ||     2
  Eat: Chunk             |     2 |     1 ||     3
Armor: Scale mail        |    55 |       ||    55
       Chain mail        |    37 |    84 ||   121
Dodge: Dodged            |    42 |    21 ||    63
Block: Shield            |    91 |    46 ||   137
